 Dungeon Crawl Stone Soup version 0.23.2-33-g5129a83184 (webtiles) character file.

Game seed: 14730523468332649776

92755 torrenera the Fighter (level 15, -7/156 HPs)
             Began as a Troll Monk on July 19, 2019.
             Was the Champion of Cheibriados.
             Mangled by a 12-headed hydra (17 damage)
             ... on level 4 of the Lair of Beasts.
             The game lasted 01:25:45 (24507 turns).

torrenera the Fighter (Troll Monk)                 Turns: 24507, Time: 01:25:46

Health: -7/156     AC:  7    Str: 38    XL:     15   Next: 58%
Magic:  29/29      EV: 23    Int: 21    God:    Cheibriados [******]
Gold:   1565       SH: 15    Dex: 36    Spells: 3/14 levels left

rFire    + + .     SeeInvis .     - Unarmed
rCold    + + .     Gourm    +   n - +0 shield
rNeg     . . .     Faith    .   T - +1 robe "Cajaong" {*Drain rF+ MP+9 Stlth+} (curse)
rPois    .         Spirit   .   (helmet restricted)
rElec    .         Reflect  .   U - scarf {rC+ rF+}
rCorr    .         Harm     .   (gloves unavailable)
MR       +....                  (boots unavailable)
Stlth    ++++......             H - amulet of the acrobat
HPRegen  0.76/turn              L - +4 ring of dexterity
MPRegen  0.21/turn              z - ring of protection from cold

@: very slow
A: large, unfitting armour, claws 3, fast metabolism 3, gourmand, regeneration
1, shaggy fur 1, tough skin 3
a: Bend Time, Temporal Distortion, Slouch, Step From Time, Renounce Religion


You were on level 4 of the Lair of Beasts.
You worshipped Cheibriados.
Cheibriados was exalted by your worship.
You were full.

You visited 4 branches of the dungeon, and saw 24 of its levels.

You collected 2340 gold pieces.
You spent 775 gold pieces at shops.

Inventory:

Missiles
 i - 5 javelins
 C - 3 large rocks (quivered)
 Q - 7 tomahawks
 R - 4 steel tomahawks
 S - 5 tomahawks of returning
Armour
 n - a +0 shield (worn)
 T - the cursed +1 robe "Cajaong" (worn) {*Drain rF+ MP+9 Stlth+}
   (You bought it in a shop on level 2 of the Orcish Mines)

   It protects you from fire.
   It affects your magic capacity (+9).
   It causes draining when unequipped.
   It makes you more stealthy.
   It has a curse placed upon it.
 U - a scarf of resistance (worn)
Jewellery
 c - a cursed -5 ring of evasion {unknown}
 s - an uncursed ring of ice {unknown}
 y - a cursed ring of flight {unknown}
 z - a ring of protection from cold (right claw)
 H - an amulet of the acrobat (around neck)
 L - a +4 ring of dexterity (left claw)
Wands
 h - a wand of digging (11)
 j - a wand of paralysis (8)
 r - a wand of polymorph (18)
 v - a wand of flame (44)
 A - a wand of iceblast (16)
 G - a wand of disintegration (36)
Scrolls
 d - 7 scrolls of identify
 e - 3 scrolls of immolation
 f - 2 scrolls of teleportation
 g - 12 scrolls of remove curse
 o - 2 scrolls of fear
 t - a scroll of fog {unknown}
 x - a scroll of silence {unknown}
 B - 5 scrolls of magic mapping
 D - 3 scrolls of noise {unknown}
 K - 2 scrolls of amnesia
 O - 2 scrolls of summoning {unknown}
 P - a scroll of acquirement {unknown}
Potions
 a - a potion of agility
 l - 3 potions of flight
 m - 2 potions of lignification
 p - 12 potions of curing
 q - a potion of mutation
 u - 2 potions of resistance
 w - 6 potions of ambrosia
 F - 2 potions of might
 I - a potion of brilliance
 J - a potion of cancellation
 M - 2 potions of magic
Miscellaneous
 k - a lightning rod (4/4)
 N - a fan of gales
Comestibles
 b - 52 rations


   Skills:
 - Level 12.0 Fighting
 - Level 7.0 Throwing
 - Level 3.0 Armour
 - Level 10.7 Dodging
 - Level 1.0 Stealth
 - Level 9.0 Shields
 - Level 11.1 Unarmed Combat
 - Level 7.5 Transmutations
 - Level 8.2 Invocations


You had 3 spell levels left.
You knew the following spells:

 Your Spells              Type           Power        Failure   Level  Hunger
a - Beastly Appendage     Tmut           ####..       1%          1    ##.....
b - Ice Form              Ice/Tmut       ###.....     36%         4    #####..
c - Statue Form           Tmut/Erth      ###......    99%         6    #######

Your spell library contained the following spells:

 Spells                   Type           Power        Failure   Level  Hunger
 Sticks to Snakes         Tmut           ####....     1%          2    ###....
 Spider Form              Tmut/Pois      ###.......   12%         3    ####...
 Animate Skeleton         Necr           N/A          19%         1    ##.....
 Infusion                 Chrm           #...         19%         1    ##.....
 Pain                     Necr           #...         19%         1    ##.....
 Summon Small Mammal      Summ           #...         19%         1    ##.....
 Call Imp                 Summ           #.......     26%         2    ###....
 Shroud of Golubria       Chrm/Tloc      #.........   26%         2    ###....
 Song of Slaying          Chrm           #.......     26%         2    ###....
 Call Canine Familiar     Summ           #.......     47%         3    ####...
 Regeneration             Chrm/Necr      #.........   47%         3    ####...
 Spectral Weapon          Hex/Chrm       #.......     47%         3    ####...
 Summon Guardian Golem    Hex/Summ       #.......     47%         3    ####...
 Blade Hands              Tmut           ####......   22%         5    ######.
 Irradiate                Conj/Tmut      ###.......   71%         5    ######.
 Hydra Form               Tmut           ####......   77%         6    #######
 Summon Ice Beast         Ice/Summ       #.......     87%         4    #####..
 Summon Lightning Spire   Summ/Air       #.......     87%         4    #####..
 Agony                    Necr           #.......     99%         5    ######.
 Bolt of Magma            Conj/Fire/Erth #.........   99%         5    ######.
 Iskenderun's Battlesphe  Conj/Chrm      #.......     99%         5    ######.
 Metabolic Englaciation   Hex/Ice        #.........   99%         5    ######.
 Venom Bolt               Conj/Pois      #.........   99%         5    ######.
 Bolt of Cold             Conj/Ice       #.........   100%        6    #######
 Freezing Cloud           Conj/Ice/Air   #.........   100%        6    #######
 Iron Shot                Conj/Erth      #.........   100%        6    #######
 Ozocubu's Refrigeration  Ice            #.........   100%        6    #######
 Simulacrum               Ice/Necr       #.........   100%        6    #######
 Dragon Form              Tmut           ####......   100%        7    #######
 Orb of Destruction       Conj           #.........   100%        7    #######
 Spellforged Servitor     Conj/Summ      #.........   100%        7    #######


Dungeon Overview and Level Annotations

Branches:
Dungeon (15/15)            Temple (1/1) D:6            Lair (6/6) D:10
 Shoals (0/4) Lair:2        Snake (0/4) Lair:3        Slime (0/5) Lair:5
    Orc (2/2) D:12            Elf (0/3) Orc:2        Vaults (0/5) D:13
 Depths (0/5) D:15

Altars:
Ashenzari
Cheibriados
Dithmenos
Elyvilon
Fedhas
Gozag
Hepliaklqana
Kikubaaqudgha
Makhleb
Nemelex Xobeh
Okawaru
Qazlal
Ru
Sif Muna
Trog
Uskayaw
Vehumet
Wu Jian
Xom
Yredelemnul
Zin
The Shining One

Shops:
D:10 }   Orc:1 %   Orc:2 :=%[(

Annotations:
D:4 Natasha
D:10 2 transporters, bmj180's ghost, novice MiFi


Innate Abilities, Weirdness & Mutations

You are too large for most types of armour.
You have claws for hands.
Your metabolism is lightning-fast.
You like to eat raw meat.
Your natural rate of healing is unusually fast.
You are covered in fur. (AC +1)
You have extremely tough skin. (AC +3)


Message History

The 12-headed hydra is almost dead.
The 12-headed hydra misses you. You block the 12-headed hydra's attack.
The 12-headed hydra barely misses you. The 12-headed hydra bites you.
The 12-headed hydra closely misses you.
The 12-headed hydra bites you but does no damage.
You block the 12-headed hydra's attack. The 12-headed hydra barely misses you.
You block the 12-headed hydra's attack. The 12-headed hydra barely misses you.
The 12-headed hydra completely misses you.
The 12-headed hydra barely misses you. The 12-headed hydra bites you!
The 12-headed hydra bites you. The 12-headed hydra bites you!
* * * LOW HITPOINT WARNING * * *
You block the 12-headed hydra's attack. The 12-headed hydra closely misses you.
The 12-headed hydra bites you!
* * * LOW HITPOINT WARNING * * *
You block the 12-headed hydra's attack. The 12-headed hydra bites you!
* * * LOW HITPOINT WARNING * * *
The 12-headed hydra misses you. The 12-headed hydra bites you!
* * * LOW HITPOINT WARNING * * *
The 12-headed hydra barely misses you. The 12-headed hydra bites you!
You die...

..## ### ### ##### ...## #.##
#.### #####.P.. .#..# ##.##
####..# #.#...... ###.# ###.##
#.###.###...#..## # #.####....#
#..##.........### #
#...###...#####.#(.........†..#
###....###....#.....(#...........
.#.....###.......Dw####..........
##..............@#.# #.......###
###..)....P#[#....## ##.......###
##........####...## #P........##
..........###.....# ##.......###
...##.....#≈#.#..## #P.......## #
..####.....≈#....###≈≈..#.##..###
### ##≈≈≈≈≈#.#≈≈≈≈≈≈≈≈≈≈###.....
≈#≈≈≈≈≈≈≈≈##≈.≈≈≈≈≈####≈≈#.....##
≈≈≈≈≈≈≈≈##P≈.≈≈≈≈≈≈≈≈≈≈≈##.....##


You could see a 12-headed hydra and a swamp worm.

Vanquished Creatures
  2 ghouls (D:14)
  2 entropy weavers (Lair:6)
  2 dire elephants
  Erolcha (Orc:1)
  7 hydras
  2 catoblepae
  4 ogre magi (Orc:2)
  17 two-headed ogres
  2 death yaks (Lair:5)
  2 dancing weapons (D:13)
  Erica (Lair:1)
  A queen ant (Lair:6)
  Urug (D:10)
  Sonja (D:13)
  Nergalle (D:12)
  A skeletal warrior (D:14)
  A swamp dragon (Lair:4)
  2 orc knights (D:15)
  3 wolf spider zombies (D:14)
  5 manticores
  3 cyclopes
  6 ugly things
  A wolf spider (Lair:6)
  14 elephants (Lair:2)
  10 black mambas
  2 merfolk sirens (Lair:2)
  A guardian serpent (Lair:6)
  A black mamba (shapeshifter) (D:14)
  13 spiny frogs
  A centaur skeleton (D:10)
  A gargoyle (D:14)
  A torpor snail (Lair:5)
  4 rime drakes
  A freezing wraith (D:14)
  2 komodo dragons
  2 demonic crawlers (D:15)
  A merfolk (D:15)
  3 meliai (D:14)
  A polar bear (Lair:4)
  3 hornets
  3 trolls
  5 hippogriffs
  11 slime creatures
  38 yaks
  2 redbacks (Lair:6)
  A spriggan (Lair:2)
  11 wyverns (Lair:6)
  A vampire (D:9)
  A hungry ghost (D:8)
  A fire elemental (Lair:3)
  8 vampire mosquitoes (D:15)
  3 basilisks
  A steam dragon (D:10)
  A swamp worm (Lair:4)
  6 wargs
  19 soldier ants
  2 acid dragons
  20 water moccasins
  8 porcupines
  17 orc warriors
  11 ice beasts
  5 sky beasts
  33 ogres
  5 phantoms
  A black bear (D:8)
  13 centaurs
  11 crocodiles
  4 big kobolds
  Blork the orc (D:4)
  17 bullfrogs
  A gnoll sergeant (D:6)
  4 scorpions
  A wyvern skeleton (D:13)
  14 killer bees
  5 wights (D:7)
  3 howler monkeys
  4 centaur zombies
  8 crimson imps
  A bullfrog zombie (D:4)
  A lava snake (Lair:3)
  7 hounds
  29 orc wizards
  A gnoll shaman (D:6)
  19 orc priests
  A bullfrog skeleton (D:13)
  4 jellies
  Natasha (twice) (D:4)
  5 iguanas
  27 worker ants
  2 hound skeletons
  2 mummies (D:14)
  2 worker ant zombies (D:9)
  11 gnolls
  14 adders
  2 shadow imps
  An adder zombie (D:9)
  4 worms
  A dart slug (D:2)
  7 leopard geckos
  64 orcs
  2 ball pythons
  7 bats
  4 giant cockroaches
  10 goblins
  6 hobgoblins
  16 jackals
  26 kobolds
  4 quokkas
  7 frilled lizards
  A jackal skeleton (D:4)
  A leopard gecko skeleton (D:5)
  5 rats
725 creatures vanquished.

Vanquished Creatures (others)
  An orc wizard (Orc:1)
  102 fungi
  48 plants
  2 withered plants (D:14)
153 creatures vanquished.

Grand Total: 878 creatures vanquished

Notes
Turn   | Place    | Note
-------+----------+-------------------------------------------
     0 | D:1      | torrenera the Troll Monk began the quest for the Orb.
     0 | D:1      | Reached XP level 1. HP: 22/22 MP: 0/0
    78 | D:1      | Reached XP level 2. HP: 29/29 MP: 1/1
   654 | D:1      | Reached XP level 3. HP: 36/36 MP: 2/2
  1207 | D:2      | Reached XP level 4. HP: 35/44 MP: 3/3
  1218 | D:2      | Reached skill level 5 in Unarmed Combat
  1513 | D:3      | Found a basalt altar of Yredelemnul.
  1746 | D:3      | Found a faded altar of an unknown god.
  2439 | D:4      | Reached XP level 5. HP: 36/50 MP: 4/4
  2641 | D:4      | Noticed Natasha
  2648 | D:4      | Killed Natasha
  2707 | D:4      | Noticed Natasha
  2707 | D:4      | Noticed a phantom
  2717 | D:4      | Killed Natasha
  2733 | D:4      | Killed a phantom
  2733 | D:4      | Reached XP level 6. HP: 51/59 MP: 5/5
  2810 | D:4      | Noticed Blork the orc
  2946 | D:4      | Killed Blork the orc
  3076 | D:4      | Noticed Natasha
  3100 | D:5      | Entered Level 5 of the Dungeon
  3107 | D:5      | Reached XP level 7. HP: 62/66 MP: 6/6
  3642 | D:6      | Found a staircase to the Ecumenical Temple.
  3691 | Temple   | Entered the Ecumenical Temple
  4034 | D:6      | Reached XP level 8. HP: 57/74 MP: 7/7
  4042 | D:6      | Reached skill level 10 in Unarmed Combat
  5148 | D:7      | Reached XP level 9. HP: 75/80 MP: 8/8
  5177 | D:7      | Reached skill level 3 in Fighting
  5192 | D:7      | Found a snail-covered altar of Cheibriados.
  5373 | D:7      | Reached skill level 5 in Dodging
  5447 | D:7      | Became a worshipper of Cheibriados the Contemplative
  5447 | D:7      | Reached * piety under Cheibriados
  5447 | D:7      | Reached ** piety under Cheibriados
  5716 | D:7      | Found a deep blue altar of Sif Muna.
  5719 | D:7      | Found a blossoming altar of Fedhas.
  5722 | D:7      | Found an iron altar of Okawaru.
  5725 | D:7      | Found a bloodstained altar of Trog.
  5852 | D:8      | Found a deep blue altar of Sif Muna.
  6328 | D:8      | Found a sacrificial altar of Ru.
  6592 | D:8      | Reached *** piety under Cheibriados
  6670 | D:8      | Reached skill level 4 in Fighting
  7076 | D:9      | Found a shattered altar of Ashenzari.
  7103 | D:9      | Reached XP level 10. HP: 89/93 MP: 9/9
  7186 | D:10     | Entered Level 10 of the Dungeon
  7186 | D:10     | Found Geckafeb's Gadget Shop.
  7186 | D:10     | Found a staircase to the Lair.
  7194 | D:10     | Bought a wand of iceblast (11) for 255 gold pieces
  7357 | D:10     | Reached **** piety under Cheibriados
  7419 | D:10     | Noticed bmj180's ghost (novice MiFi)
  7420 | D:10     | Noticed a moth of wrath
  7474 | D:10     | Found a transporter.
  7500 | D:10     | Found a transporter.
  7535 | D:10     | Noticed a death knight
  7634 | D:11     | Noticed a cyclops
  7650 | D:11     | Killed a cyclops
  7847 | D:11     | Reached skill level 5 in Fighting
  7919 | D:11     | Noticed a green ugly thing
  7976 | D:10     | Noticed Urug
  8007 | Lair:1   | Entered Level 1 of the Lair of Beasts
  8046 | Lair:1   | Reached ***** piety under Cheibriados
  8103 | Lair:1   | Noticed Erica
  8116 | Lair:1   | Killed Erica
  8228 | Lair:1   | Noticed a spiny frog
  8233 | Lair:1   | Killed a spiny frog
  8233 | Lair:1   | Reached skill level 1 in Invocations
  8297 | Lair:1   | Reached XP level 11. HP: 102/104 MP: 12/12
  8598 | Lair:1   | Reached skill level 5 in Invocations
  9118 | Lair:2   | Noticed a four-headed hydra
  9167 | Lair:2   | Killed a four-headed hydra
  9565 | Lair:2   | Found a staircase to the Shoals.
  9714 | Lair:2   | Reached skill level 6 in Fighting
  9747 | Lair:2   | Noticed a catoblepas
  9759 | Lair:2   | Killed a catoblepas
  9947 | Lair:2   | Reached skill level 1 in Throwing
  9986 | Lair:2   | Reached XP level 12. HP: 93/115 MP: 17/17
 10142 | Lair:2   | Noticed a dire elephant
 10148 | Lair:2   | Killed a dire elephant
 10148 | Lair:2   | Reached skill level 5 in Throwing
 10544 | Lair:3   | Found a staircase to the Snake Pit.
 10697 | Lair:3   | Reached skill level 7 in Fighting
 11400 | Lair:4   | Noticed an eight-headed hydra
 11404 | Lair:4   | Killed an eight-headed hydra
 11404 | Lair:4   | Reached skill level 8 in Fighting
 11731 | Lair:4   | Noticed an eight-headed hydra
 11840 | Lair:4   | Killed an eight-headed hydra
 12119 | Lair:4   | Noticed a six-headed hydra
 12120 | Lair:4   | Noticed a five-headed hydra
 12260 | Lair:4   | Killed a six-headed hydra
 12304 | Lair:4   | Reached skill level 9 in Fighting
 12367 | Lair:4   | Noticed a four-headed hydra
 12721 | Lair:5   | Noticed a catoblepas
 12721 | Lair:5   | Noticed a catoblepas
 13049 | Lair:5   | Noticed a death yak
 13060 | Lair:5   | Killed a death yak
 13060 | Lair:5   | Reached XP level 13. HP: 108/131 MP: 18/18
 13274 | Lair:5   | Reached skill level 10 in Fighting
 13346 | Lair:5   | Found a staircase to the Slime Pits.
 13376 | Lair:6   | Entered Level 6 of the Lair of Beasts
 13778 | Lair:6   | Reached skill level 11 in Fighting
 14853 | Lair:6   | Reached skill level 12 in Fighting
 14858 | Lair:6   | Noticed an entropy weaver
 14866 | Lair:6   | Reached skill level 10 in Dodging
 14921 | Lair:6   | Reached skill level 1 in Armour
 15088 | Lair:6   | Noticed an entropy weaver
 15098 | Lair:6   | Killed an entropy weaver
 15539 | Lair:6   | Identified the Volume of Creative Dark Secrets
 15667 | Lair:6   | Killed an entropy weaver
 15667 | Lair:6   | Reached XP level 14. HP: 39/149 MP: 19/19
 16358 | D:9      | Found an ancient bone altar of Kikubaaqudgha.
 16534 | D:9      | Reached ****** piety under Cheibriados
 16585 | D:9      | Reached skill level 1 in Shields
 17034 | D:10     | Killed Urug
 17983 | D:12     | Found a staircase to the Orcish Mines.
 18556 | D:12     | Noticed Nergalle
 18564 | D:12     | Killed Nergalle
 18844 | Orc:1    | Entered Level 1 of the Orcish Mines
 19080 | Orc:1    | Noticed Erolcha
 19090 | Orc:1    | Killed Erolcha
 19131 | Orc:1    | Reached skill level 5 in Shields
 19142 | Orc:1    | Found Dyuj Ymimu's Food Boutique.
 19310 | Orc:2    | Entered Level 2 of the Orcish Mines
 19728 | Orc:2    | Found a staircase to the Elven Halls.
 19834 | Orc:2    | Learned a level 1 spell: Beastly Appendage
 20008 | Orc:2    | Reached skill level 1 in Transmutations
 20068 | Orc:2    | Found Ixkued's Book Shoppe.
 20073 | Orc:2    | Found Liosenei's Jewellery Boutique.
 20159 | Orc:2    | Found Qiarucs's Antique Armour Emporium.
 20159 | Orc:2    | Found Oqaoj's Food Boutique.
 20286 | Orc:2    | Found Cerraacw's Antique Weapon Shop.
 20317 | Orc:2    | Found a deep blue altar of Sif Muna.
 20557 | Orc:2    | Bought a faintly humming robe for 216 gold pieces
 20557 | Orc:2    | Bought a glowing scarf for 304 gold pieces
 20827 | Lair:2   | Identified the cursed +1 robe "Cajaong" {*Drain rF+ MP+9
                  | Stlth+} (You bought it in a shop on level 2 of the Orcish
                  | Mines)
 21355 | D:13     | Noticed Sonja
 21419 | D:13     | Killed Sonja
 21769 | D:13     | Found a gate to the Vaults.
 21777 | D:13     | Reached XP level 15. HP: 73/156 MP: 20/20
 22863 | D:14     | Reached skill level 5 in Transmutations
 23233 | D:15     | Entered Level 15 of the Dungeon
 23490 | D:15     | Found a staircase to the Depths.
 24479 | Lair:2   | Learned a level 4 spell: Ice Form
 24486 | Lair:2   | Learned a level 6 spell: Statue Form
 24507 | Lair:4   | Mangled by a 12-headed hydra

Skill      XL: |  1  2  3  4  5  6  7  8  9 10 11 12 13 14 15 |
---------------+----------------------------------------------+-----
Unarmed Combat | 4 5 7 8 9 11 | 11.1
Dodging        | 4 7 9 10 | 10.7
Fighting       | 4 5 6 9 12 | 12.0
Invocations    | 3 8 |  8.2
Throwing       | 2 7 |  7.0
Armour         | 2 3 |  3.0
Shields        | 9 |  9.0
Transmutations | 2 7 |  7.5
Stealth        | |  1.0

Action                   |  1- 3 |  4- 6 |  7- 9 | 10-12 | 13-15 || total
-------------------------+-------+-------+-------+-------+-------++-------
Melee: Unarmed           |    76 |   156 |   294 |   391 |  1119 ||  2036
       Punch             |     2 |     6 |    12 |    42 |    38 ||   100
Throw: Stone             |       |       |    72 |    52 |    34 ||   158
       Large rock        |       |       |       |    29 |    35 ||    64
       Tomahawk          |       |       |       |       |    80 ||    80
Invok: Slouch            |       |       |       |     3 |     9 ||    12
       Bend Time         |       |       |       |     1 |     1 ||     2
       Temporal Distorti |       |       |       |     1 |       ||     1
Evoke: Wand              |       |     4 |     9 |    16 |     9 ||    38
       Fan of gales      |       |       |       |       |     1 ||     1
  Use: Scroll            |       |       |    15 |    12 |     7 ||    34
       Potion            |       |       |       |     2 |     7 ||     9
 Stab: Sleeping          |       |     3 |     4 |     6 |     9 ||    22
       Distracted        |       |       |       |       |     1 ||     1
       Petrifying        |       |       |       |       |     1 ||     1
  Eat: Chunk             |    12 |    21 |    39 |    37 |    74 ||   183
Armor: Robe              |    41 |    67 |    68 |    65 |   124 ||   365
       Skin              |       |       |       |       |    46 ||    46
Dodge: Dodged            |    41 |    84 |   157 |   337 |  1020 ||  1639
Block: Shield            |       |       |       |       |   611 ||   611
